 Dungeon Crawl Stone Soup version 0.19.5 (webtiles) character file.

126 Hybris the Scratcher (level 4, -5/21 HPs)
             Began as a Felid Monk on Mar 26, 2017.
             Slain by an ogre
             ... wielding a +0 giant club
              (19 damage)
             ... on level 4 of the Dungeon.
             The game lasted 00:09:51 (3429 turns).

Hybris the Scratcher (Felid Monk)                   Turns: 3429, Time: 00:09:51

Health: -5/21      AC:  5    Str:  7    XL:     4   Next: 84%
Magic:  5/5        EV: 20    Int: 11    God:
Gold:   221        SH:  0    Dex: 19    Spells: 1 memorised, 2 levels left
                                        Lives:  0   Deaths: 1

rFire  . . .     SeeInvis +       - Unarmed
rCold  . . .     Gourm    .     (armour unavailable)
rNeg   + . .     Faith    .     (shield unavailable)
rPois  .         Spirit   .     (helmet unavailable)
rElec  .         Reflect  .     (cloak unavailable)
rCorr  .         Harm     .     (gloves unavailable)
MR     .....                    (boots unavailable)
Stlth  +++.......               (no amulet)
                                o - +4 ring of protection
                                m - ring of positive energy

@: quick
A: no armour, no weapons or thrown items, stealth, claws 1, fangs 3, see
invisible, blink, carnivore 3, speed 1, shaggy fur 1, slow metabolism 1, sharp
paws
a: Blink


You were on level 4 of the Dungeon.
You were completely stuffed.

You visited 1 branch of the dungeon, and saw 4 of its levels.

You collected 221 gold pieces.

Inventory:

Jewellery
 m - a ring of positive energy (left paw)
 o - a +4 ring of protection (right paw)
 q - an uncursed ring of positive energy
Scrolls
 b - a scroll of fear
 f - 2 scrolls of identify
 i - a scroll of magic mapping {unknown}
 k - a scroll of teleportation {unknown}
 l - 2 scrolls of remove curse
 s - a scroll of enchant armour
 t - a scroll of noise {unknown}
 u - a scroll of amnesia {unknown}
 w - a scroll of enchant weapon {unknown}
Potions
 d - 2 potions of cancellation
 e - a potion of heal wounds {unknown}
 g - a potion of berserk rage {unknown}
 j - a potion of lignification {unknown}
 n - a potion of flight {unknown}
 v - a potion of brilliance {unknown}
Books
 p - a book of Minor Magic

   Spells                             Type                      Level
   a - Magic Dart                     Conjuration                  1
   b - Blink                          Translocation                2
   c - Call Imp                       Summoning                    2
   d - Repel Missiles                 Charms/Air                   2
   e - Slow                           Hexes                        2
   f - Conjure Flame                  Conjuration/Fire             3
   g - Mephitic Cloud                 Conjuration/Poison/Air       3
Comestibles
 a - 2 meat rations
 c - 2 slices of pizza
 h - a beef jerky


   Skills:
 + Level 3.0 Fighting
 - Level 4.0 Dodging
 - Level 3.5 Stealth
 * Level 5.7 Unarmed Combat
 - Level 0.1 Conjurations


You had 2 spell levels left.
You knew the following spells:

 Your Spells              Type           Power        Failure   Level  Hunger
a - Magic Dart            Conj           #...         34%         1    ##.....


Dungeon Overview and Level Annotations

Branches:
Dungeon (4/15)
 Temple: D:4-7

Altars:
Ashenzari
Elyvilon
Xom


Innate Abilities, Weirdness & Mutations

You cannot wear armour.
You are incapable of wielding weapons or throwing items.
Your paws allow you to move quietly. (Stealth)
You have sharp claws.
You have razor-sharp teeth.
You have supernaturally acute eyesight. (SInv)
You are carnivorous and can eat meat at any time.
You cover ground quickly.
You are covered in fur. (AC +1)
You have a slow metabolism.
Your sharp claws are effective at attacking unaware monsters.
You can translocate small distances at will.


Message History

The ogre is lightly wounded.
The ogre completely misses you.
All of the chunks of flesh in your inventory have rotted away.
You barely miss the ogre. Your bite misses the ogre.
The ogre is lightly wounded.
The scorpion completely misses you.
You see here a chunk of flesh.
You barely miss the ogre.
The ogre is lightly wounded.
The ogre completely misses you.
You claw the ogre!
The ogre is moderately wounded.
The ogre hits you with a giant club!
You scratch the ogre but do no damage.
The ogre is moderately wounded.
You claw the ogre! You bite the ogre.
The ogre is severely wounded.
The ogre hits you with a giant club!!
Ouch! That really hurt!
You die...

.......................
.......................
%...........####.......
...........##.##....#....
....................#....
............####....#..##
.......#....# #....#..#
...... #....# #....#
......##@#### #.###.#
.......#O# #.# ...
........s# #.# ....
......#.%###.# ..# .....
#...†.# .... ##....# .
... #....####.... ..
#....Z....... .
#............


You could see an ogre and a scorpion.

Vanquished Creatures
  An orc priest (D:3)
  An iguana (D:4)
  3 adders
  2 oozes
  3 worms (D:2)
  2 dart slugs
  3 leopard geckos
  3 orcs (D:3)
  8 giant cockroaches
  7 goblins
  6 hobgoblins
  5 quokkas
  7 bats
  2 frilled lizards (D:4)
  5 kobolds
  A leopard gecko skeleton (D:4)
  8 rats
67 creatures vanquished.

Notes
Turn   | Place    | Note
-------+----------+-------------------------------------------
     0 | D:1      | Hybris the Felid Monk began the quest for the Orb.
     0 | D:1      | Reached XP level 1. HP: 10/10 MP: 2/2
   146 | D:1      | Reached XP level 2. HP: 7/14 MP: 3/3
   528 | D:1      | Reached skill level 4 in Unarmed Combat
   712 | D:2      | Reached XP level 3. HP: 17/17 MP: 4/4
  1326 | D:2      | Reached XP level 4. HP: 21/21 MP: 5/5
  1329 | D:2      | Learned a level 1 spell: Magic Dart
  1333 | D:2      | Found a white marble altar of Elyvilon.
  2339 | D:3      | Gained mutation: Your muscles are strong. (Str +2) [potion of mutation]
  2339 | D:3      | Lost mutation: Your muscles are strong. (Str +2) [potion of mutation]
  2339 | D:3      | Gained mutation: You can translocate small distances at will. [potion of mutation]
  2339 | D:3      | Slain by an orc priest
  2340 | D:3      | Reached XP level 3. HP: -2/17 MP: 4/4
  2351 | D:3      | Reached skill level 5 in Unarmed Combat
  2351 | D:3      | Reached XP level 4. HP: 21/21 MP: 5/5
  3306 | D:4      | Found a shimmering altar of Xom.
  3306 | D:4      | Found a shattered altar of Ashenzari.
  3408 | D:4      | Noticed an ogre
  3429 | D:4      | Slain by an ogre

Skill      XL: |  1  2  3 |
---------------+----------+-----
Unarmed Combat | 4 5 |  5.7
Stealth        | 3 |  3.5
Fighting       | |  3.0
Dodging        | |  4.0
Conjurations   | |  0.1

Action                   |  1- 3 |  4- 6 || total
-------------------------+-------+-------++-------
Melee: Unarmed           |    87 |   117 ||   204
       Bite              |     7 |    11 ||    18
       Punch             |       |     2 ||     2
 Cast: Magic Dart        |       |     4 ||     4
  Use: Scroll            |       |     4 ||     4
       Potion            |       |     1 ||     1
 Stab: Sleeping          |    12 |     5 ||    17
       Distracted        |       |     1 ||     1
  Eat: Chunk             |     9 |     9 ||    18
Armor: Skin              |    11 |    11 ||    22
Dodge: Dodged            |    81 |    78 ||   159
